 Dungeon Crawl Stone Soup version 0.13-a0-2350-g4422b0a (webtiles) character file.

371 Lekart the Ducker (level 5, -1/44 HPs)
             Began as a Draconian Chaos Knight on July 11, 2013.
             Was a Plaything of Xom.
             Slain by an orc wizard
             ... wielding a +2,+1 orcish dagger
              (2 damage)
             ... on Level 3 of the Dungeon.
             The game lasted 00:07:08 (2406 turns).

Lekart the Ducker (Draconian Chaos Knight)          Turns: 2406, Time: 00:07:09

HP  -1/44        AC  5     Str 15      XL: 5   Next: 25%
MP   5/5         EV 12     Int 12      God: Xom
Gold 201         SH 14     Dex 11      Spells:  0 memorised,  4 levels left

Res.Fire  : . . .   See Invis. : .   a - +0 mace (chaos)
Res.Cold  : . . .   Warding    : .   (armour unavailable)
Life Prot.: . . .   Conserve   : .   u - +0 orc shield
Res.Poison: .       Res.Corr.  : +   (helmet restricted)
Res.Elec. : .       Clarity    : .   (no cloak)
Sust.Abil.: . .     Spirit.Shd : .   (no gloves)
Res.Mut.  : .       Stasis     : .   (no boots)
Res.Rott. : .       Flight     : .   x - amulet of resist corrosion {unknown}
Saprovore : . . .                    (no ring)
                                     r - +2 ring of evasion

@: slowed, very slow, slightly resistant to hostile enchantments, unstealthy
A: unfitting armour, AC +5
a: Renounce Religion


You were on level 3 of the Dungeon.
You worshipped Xom.
You were a toy of Xom.
You were not hungry.

You visited 1 branch of the dungeon, and saw 3 of its levels.

You collected 181 gold pieces.

Inventory:

Hand weapons
 a - a +0,+0 mace of chaos (weapon)
Armour
 u - a +0 orcish shield (worn)
Magical devices
 p - a wand of slowing (8) {unknown}
 y - a wand of draining (7) {unknown}
Comestibles
 c - 3 bread rations
 f - a meat ration
 l - 2 pears
 v - a choko
 B - 11 sultanas
Scrolls
 b - a scroll of remove curse {unknown}
 e - 6 scrolls of identify {unknown}
 h - a scroll of recharging {unknown}
 j - a scroll of fog {unknown}
 m - 2 scrolls of fear {unknown}
 o - a scroll of amnesia {unknown}
 q - a scroll of blinking {unknown}
 s - a scroll of noise {unknown}
 t - 2 scrolls of curse weapon {unknown}
 w - a scroll of enchant armour {unknown}
 z - a scroll of random uselessness {unknown}
Jewellery
 r - a +2 ring of evasion (left hand)
 x - an amulet of resist corrosion (around neck) {unknown}
Potions
 g - a potion of restore abilities
 i - a potion of experience {unknown}
 k - 3 potions of heal wounds {unknown}
 n - a potion of cure mutation {unknown}


   Skills:
 - Level 4.1 Fighting
 - Level 3.4 Maces & Flails
 + Level 4.4 Dodging
 - Level 0.2 Stealth


You had 4 spell levels left.
You didn't know any spells.

Dungeon Overview and Level Annotations

Branches:
Dungeon (3/27)

Altars:
Fedhas


Message History

The orc wizard is severely wounded.
The orc wizard casts a spell at you. The magic dart hits you!
* * * LOW HITPOINT WARNING * * *
You block the orc wizard's attack.
The orc wizard hits you with an orcish dagger.
* * * LOW HITPOINT WARNING * * *
Drink which item? (? for menu, Esc to quit)
You feel better.
The orc wizard repeatedly roars encouragement to no one in particular.
The orc wizard gestures at you while chanting.
The magic dart hits you!
* * * LOW HITPOINT WARNING * * *
The orc wizard hits you with an orcish dagger.
* * * LOW HITPOINT WARNING * * *
The orc wizard barely misses you.
You hit the orc wizard.
There is a sudden explosion of sparks!
You kill the orc wizard!
The orc wizard hits you with an orcish dagger.
You die...

### #..)..).........
##.###.###.##.......#
##...##.# #........#
##.....#.# ###......#
#........# ##...###
##.....### ##.##
##..%## #.# ##.## #.#
#.# #@# #.# #.)o#
#.### #.....#
####.#.### #.......#
#^..<.>..###.........#
.).........+...%.....+
#.##.....###.........#
#.##.#.#.# #.......#
#.##.###.# ...


You could see an orc wizard.

Vanquished Creatures
  An orc wizard (D:3)
  Jessica (D:3)
  7 adders
  A worm (D:2)
  An adder skeleton (D:3)
  2 giant geckos
  An ooze (D:1)
  An orc (D:3)
  A ball python (D:2)
  9 bats
  5 giant cockroaches
  3 hobgoblins
  8 jackals
  6 kobolds
  2 giant newts (D:2)
  8 goblins
  2 quokkas
  4 rats
63 creatures vanquished.

Notes
Turn   | Place    | Note
--------------------------------------------------------------
     0 | D:1      | Lekart, the Draconian Chaos Knight, began the quest for the Orb.
     0 | D:1      | Reached XP level 1. HP: 17/17 MP: 1/1
   148 | D:1      | Reached XP level 2. HP: 21/24 MP: 2/2
   353 | D:1      | XOM: divination: detect items
   465 | D:1      | XOM is BORED!
   465 | D:1      | XOM: harmless Necr miscast
   570 | D:1      | XOM: harmless Summ miscast
   944 | D:2      | Reached XP level 3. HP: 21/30 MP: 3/3
  1018 | D:2      | Reached skill level 4 in Fighting
  1119 | D:2      | HP: 1/30 [worm (12)]
  1318 | D:2      | XOM: harmless Hex miscast
  1401 | D:2      | Reached XP level 4. HP: 31/38 MP: 4/4
  1696 | D:2      | Found a blossoming altar of Fedhas.
  1776 | D:3      | XOM: divination: detect items
  2004 | D:3      | XOM: harmless Chrm miscast
  2279 | D:3      | Noticed Jessica
  2294 | D:3      | Killed Jessica
  2366 | D:3      | Reached XP level 5. HP: 41/44 MP: 5/5
  2405 | D:3      | HP: 1/44 [orc wizard/orcish dagger (5)]
  2406 | D:3      | Slain by an orc wizard

Action                   |  1- 3 |  4- 6 || total
-------------------------+-------+-------++-------
Melee: Mace              |   110 |    83 ||   193
  Use: Potion            |       |     5 ||     5
 Stab: Petrifying        |     1 |       ||     1
       Sleeping          |       |     2 ||     2
